 Dungeon Crawl Stone Soup version 0.30.0-13-g156ef70053 (webtiles) character file.

Game seed: 9403992093637272546

11430 browni3141 the Cleaver (level 11, -5/99 HPs)
             Began as a Minotaur Fighter on May 17, 2023.
             Was an Elder of Okawaru.
             Slain by a culicivora (11 damage)
             ... on level 2 of the Lair of Beasts.
             The game lasted 00:06:52 (11141 turns).

browni3141 the Cleaver (Minotaur Fighter)          Turns: 11141, Time: 00:06:53

Health: -5/99      AC: 12    Str: 21    XL:     11   Next: 49%
Magic:  0/10       EV: 11    Int:  5    God:    Okawaru [****..]
Gold:   696        SH: 11    Dex: 14    Spells: 10/10 levels left

rFire   . . .        L - +0 war axe (drain)
rCold   . . .        A - +0 kite shield
rNeg    + . .        v - +0 chain mail
rPois   .            (helmet restricted)
rElec   .            t - +0 cloak
rCorr   .            (no gloves)
SInv    .            (no boots)
Will    +....        Z - amulet of guardian spirit Stlth
                     T - ring of positive energy
HPRegen 0.36/turn    p - ring of willpower
MPRegen 0.12/turn

%: guardian spirit
@: no status effects
A: horns 2, retaliatory headbutt
a: Renounce Religion, Heroism, Finesse


You were on level 2 of the Lair of Beasts.
You worshipped Okawaru.
Okawaru was greatly pleased with you.
You visited 3 branches of the dungeon, and saw 12 of its levels.

You collected 696 gold pieces.

Inventory:

Hand Weapons
 a - a +0 war axe
 L - a +0 war axe of draining (weapon)
Armour
 b - a +0 scale mail
 c - a +0 buckler
 t - a +0 cloak (worn)
 v - a +0 chain mail (worn)
 A - a +0 kite shield (worn)
Jewellery
 p - a ring of willpower (right hand)
 s - a ring of wizardry
 T - a ring of positive energy (left hand)
 Z - an amulet of guardian spirit (around neck)
Wands
 m - a wand of light (1)
 x - a wand of mindburst (18)
 I - a wand of iceblast (5)
 P - a wand of paralysis (5)
 V - a wand of flame (30)
Scrolls
 r - a scroll of butterflies {unknown}
 u - 5 scrolls of vulnerability {unknown}
 w - a scroll of acquirement {unknown}
 y - a scroll of poison {unknown}
 B - 2 scrolls of fear {unknown}
 D - a scroll of silence {unknown}
 F - a scroll of blinking {unknown}
 G - 2 scrolls of magic mapping {unknown}
 K - a scroll of amnesia {unknown}
 Q - 2 scrolls of fog {unknown}
 R - 2 scrolls of brand weapon {unknown}
 S - 6 scrolls of teleportation {unknown}
 U - 11 scrolls of identify {unknown}
 W - 3 scrolls of noise {unknown}
 Y - 4 scrolls of enchant weapon {unknown}
Potions
 l - a potion of degeneration {unknown}
 n - 2 potions of mutation {unknown}
 o - 2 potions of haste {unknown}
 q - a potion of magic {unknown}
 z - 2 potions of ambrosia {unknown}
 C - a potion of curing
 E - a potion of heal wounds {unknown}
 H - 4 potions of brilliance {unknown}
 M - 2 potions of might
 N - 4 potions of flight {unknown}
 O - 2 potions of berserk rage {unknown}
 X - 2 potions of attraction {unknown}


   Skills:
 + Level 9.8 Fighting
 * Level 12.9 Axes
 + Level 9.7 Armour
 + Level 8.1 Dodging
 + Level 9.8 Shields


You had 10 spell levels left.
You didn't know any spells.
Your spell library contained the following spells:

 Spells                   Type           Power      Damage    Failure   Level
 Beastly Appendage        Tmut           0%         N/A       99%         1
 Freeze                   Ice            0%         1d3       99%         1
 Shock                    Conj/Air       0%         1d3       99%         1
 Sting                    Tmut/Pois      0%         1d3       99%         1
 Poisonous Vapours        Pois/Air       0%         N/A       100%        2
 Wereblood                Tmut           0%         N/A       100%        2
 Frozen Ramparts          Ice            0%         1d1       100%        3
 Hailstorm                Conj/Ice       0%         3d3       100%        3
 Mephitic Cloud           Conj/Pois/Air  0%         N/A       100%        3
 Spider Form              Tmut/Pois      0%         N/A       100%        3
 Swiftness                Air            0%         N/A       100%        3
 Airstrike                Air            0%         2d(0-16)  100%        4
 Olgreb's Toxic Radiance  Pois           0%         N/A       100%        4
 Freezing Cloud           Conj/Ice/Air   0%         6-21      100%        5


Dungeon Overview and Level Annotations

Branches:
Dungeon (9/15)             Temple (1/1) D:6            Lair (2/5) D:9
    Orc (0/2) D:9
  Swamp: Lair:2-3    Shoals: Lair:2-3     Snake: Lair:2-3    Spider: Lair:2-3

Altars:
Ashenzari
Cheibriados
Dithmenos
Elyvilon
Fedhas
Gozag
Hepliaklqana
Kikubaaqudgha
Makhleb
Nemelex Xobeh
Okawaru
Ru
Sif Muna
Trog
Uskayaw
Vehumet
Wu Jian
Xom
Yredelemnul
Zin
The Shining One


Innate Abilities, Weirdness & Mutations

You have a pair of horns on your head.
You reflexively headbutt those who attack you in melee.


Message History

You closely miss the jumping spider. x2; You miss the redback.
You feel extremely sick.
The jumping spider leaps!
You block the jumping spider's attack. x2
You block the redback's attack.
You hit the redback.
The redback is lightly wounded.
You hit the jumping spider.
You feel very sick.
The jumping spider leaps!
The jumping spider barely misses you. You block the jumping spider's attack.
The redback bites you!
You are lethally poisoned!
The redback poisons you!
The jumping spider pounces on you but does no damage.
The jumping spider bites you but does no damage.
The redback bites you but does no damage.
You slash the jumping spider!
You kill the jumping spider!
Okawaru accepts your kill.
You slash the redback!
You feel extremely sick.
The jumping spider leaps!
The redback bites you but does no damage.
You hit the redback. You headbutt the redback!
You kill the redback!
Okawaru accepts your kill.
You hit the jumping spider.
You feel extremely sick. The jumping spider closely misses you.
You furiously retaliate!
You headbutt the jumping spider, but do no damage.
You block the jumping spider's attack.
You hit the jumping spider. You headbutt the jumping spider.
The jumping spider is moderately wounded.
You feel extremely sick. You block the jumping spider's attack.
The jumping spider bites you.
It was a potion of curing.
You feel better.
C - 4 potions of curing
T - a ring of positive energy (left hand)
The jumping spider pounces on you but does no damage.
You block the jumping spider's attack.
The jumping spider leaps!
Throw: dart (curare)
Press: ? - help, Q - select action, (/) - cycle Shift-Dir - straight line, f - jumping spider
Aim: a jumping spider (moderately wounded, 62% to hit)
You throw a curare-tipped dart.
The curare-tipped dart closely misses the jumping spider.
The jumping spider leaps!
Aiming: Iceblast
Press: ? - help, Shift-Dir - straight line, f/p - jumping spider
Aim: a jumping spider (moderately wounded)
The mass of ice explodes!
The iceblast engulfs the jumping spider!
The jumping spider is severely wounded.
You hear an angry hiss.
You hear a faint skittering sound. x2
A jumping spider comes into view.
You miss the jumping spider.
The jumping spider is severely wounded.
The jumping spider's many legs skitter faintly.
The jumping spider pounces on you!
The jumping spider bites you but does no damage.
Unknown command.
You feel better. You block the jumping spider's attack.
The jumping spider closely misses you.
The jumping spider leaps!
You block the jumping spider's attack. The jumping spider barely misses you.
A basilisk comes into view.
You closely miss the jumping spider. You headbutt the jumping spider.
The jumping spider is almost dead.
You feel like a meek peon again.
The jumping spider completely misses you.
You block the jumping spider's attack.
You barely miss the jumping spider.
Your headbutt misses the jumping spider.
The jumping spider is almost dead.
The jumping spider leaps! x2
A redback comes into view.
Throw: javelin (silver)
Press: ? - help, Q - select action, (/) - cycle Shift-Dir - straight line, f - basilisk, p - jumping spider
Aim: a basilisk (56% to hit)
You throw a silver javelin.
The silver javelin pierces through the jumping spider!
The jumping spider is heavily wounded.
The silver javelin closely misses the basilisk.
The jumping spider pounces on you!
You are caught in a web!
The jumping spider bites you but does no damage.
Okay, then.
Unknown command.
You feel better.
The jumping spider leaps! x3
The web tears apart.
The jumping spider pounces on you! The jumping spider barely misses you.
The jumping spider leaps!
Unknown command.
You feel better.
You block the jumping spider's attack. x2
You block the redback's attack.
The jumping spider leaps!
A culicivora comes into view.
The jumping spider leaps!
Aiming: Paralyse
Press: ? - help, Shift-Dir - straight line, f - redback, p - basilisk
Aim: a redback (chance to affect: 49%)
The redback resists with some effort.
The redback bites you!
The jumping spider leaps!
The basilisk gazes at you. You resist with almost no effort.
The culicivora bites you!
You die...

## .#.# .....
.....###### #
...#....(.# .#
.(........# .#
..>....l..# .#
.......°@s#.##
...#.....s..°#
#..#.......#
............#.#
.....s....#.##
#
..........##^#
##..####### #.#
### ##


You could see a culicivora, a basilisk, a jumping spider and a redback.

Vanquished Creatures
  Joseph (D:9)
  2 cane toads (Lair:1)
  A rime drake (Lair:1)
  4 komodo dragons
  Grinder (D:3)
  A jumping spider (Lair:2)
  A culicivora (Lair:2)
  2 wyverns
  Sigmund (D:3)
  19 yaks
  A redback (Lair:2)
  7 steam dragons
  Menkaure (D:6)
  4 water moccasins
  4 orc warriors
  A black bear (D:6)
  3 sky beasts
  An ice beast (D:6)
  3 ogres
  3 centaurs
  3 phantoms
  A kobold brigand (D:6)
  10 bullfrogs
  A water moccasin zombie (D:6)
  5 scorpions
  5 wights
  3 killer bees (D:8)
  A howler monkey (D:4)
  6 jellies (D:6)
  3 orc priests
  A gnoll bouda (D:7)
  6 hounds
  6 iguanas
  3 sleepcaps
  4 orc wizards
  A howler monkey zombie (D:6)
  7 adders
  6 gnolls
  A shadow imp (D:6)
  2 white imps (D:6)
  5 ufetubi
  2 worms
  3 dart slugs
  22 orcs
  9 ball pythons
  10 endoplasms
  A giant cockroach (D:1)
  3 goblins
  5 hobgoblins
  A quokka (D:1)
  2 bats
  2 frilled lizards (D:3)
  A kobold (D:4)
  4 rats
206 creatures vanquished.

Vanquished Creatures (others)
  A sky beast (D:9)
  A kobold brigand (D:6)
  A bullfrog (D:6)
  A scorpion (D:6)
  An iguana (D:6)
  An orc wizard (D:6)
  An ufetubus (D:6)
7 creatures vanquished.

Grand Total: 213 creatures vanquished

Notes
Turn   | Place    | Note
-------+----------+-------------------------------------------
     0 | D:1      | browni3141 the Minotaur Fighter began the quest for the
                  | Orb.
     0 | D:1      | Reached XP level 1. HP: 19/19 MP: 0/0
   156 | D:1      | Reached XP level 2. HP: 23/27 MP: 1/1
   427 | D:1      | You fall into a shaft and drop 1 floor!
   715 | D:1      | Reached skill level 3 in Axes
  1706 | D:3      | Identified the +5 quarterstaff of an ice cave {speed, rF+
                  | Will+ Str+2 Int+4}
  1782 | D:3      | Reached XP level 3. HP: 33/33 MP: 2/2
  1935 | D:3      | Noticed Grinder
  1950 | D:3      | Killed Grinder
  1951 | D:3      | Reached skill level 4 in Axes
  1951 | D:3      | Reached XP level 4. HP: 30/41 MP: 3/3
  1951 | D:3      | Reached XP level 5. HP: 35/47 MP: 4/4
  2277 | D:3      | Noticed Sigmund
  2281 | D:3      | Killed Sigmund
  2282 | D:3      | Reached skill level 5 in Axes
  2282 | D:3      | Reached XP level 6. HP: 47/55 MP: 5/5
  2834 | D:4      | Reached skill level 3 in Dodging
  2834 | D:4      | Reached XP level 7. HP: 47/61 MP: 3/6
  3166 | D:4      | Found a sparkling altar of Nemelex Xobeh.
  3372 | D:4      | Reached skill level 6 in Axes
  3484 | D:4      | Found a blossoming altar of Fedhas.
  3618 | D:4      | Found a glowing golden altar of the Shining One.
  3758 | D:5      | Entered Level 5 of the Dungeon
  4109 | D:5      | Reached XP level 8. HP: 70/70 MP: 7/7
  4290 | D:5      | Reached skill level 7 in Axes
  4290 | D:5      | Reached skill level 6 in Shields
  4515 | D:6      | Noticed Menkaure
  4523 | D:6      | Killed Menkaure
  4524 | D:6      | Reached skill level 6 in Fighting
  4524 | D:6      | Reached skill level 6 in Armour
  4948 | D:6      | Found a shimmering blue altar of Sif Muna.
  4995 | D:6      | Found a staircase to the Ecumenical Temple.
  5006 | Temple   | Entered the Ecumenical Temple
  5156 | D:6      | Found a shimmering altar of Xom.
  5287 | D:6      | Found a burning altar of Makhleb.
  5330 | D:6      | Reached skill level 8 in Axes
  5534 | D:6      | Reached XP level 9. HP: 29/78 MP: 6/8
  5941 | D:6      | Found a basalt altar of Yredelemnul.
  5965 | D:6      | Reached skill level 9 in Axes
  6911 | D:7      | Reached skill level 6 in Dodging
  6912 | D:7      | Reached skill level 10 in Axes
  7112 | D:7      | Found an iron altar of Okawaru.
  7239 | D:7      | Became a worshipper of Warmaster Okawaru
  7424 | D:8      | Identified the +0 leather armour of Hikanec {Harm Str+3
                  | Int+4 Dex-3}
  7678 | D:8      | Found a sacrificial altar of Ru.
  7718 | D:8      | Reached XP level 10. HP: 77/88 MP: 9/9
  8495 | D:9      | Reached * piety under Okawaru
  8706 | D:8      | Reached skill level 11 in Axes
  8829 | D:9      | Reached ** piety under Okawaru
  8967 | D:9      | Found a staircase to the Orcish Mines.
  8987 | D:9      | Noticed Joseph
  9004 | D:9      | Killed Joseph
  9120 | D:9      | Found a broken altar of Ashenzari.
  9239 | D:9      | Found a hazy altar of Hepliaklqana.
  9245 | D:9      | Found a bloodstained altar of Trog.
  9250 | D:9      | Found a white marble altar of Elyvilon.
  9267 | D:9      | Found an ornate altar of the Wu Jian Council.
  9406 | D:9      | Reached skill level 9 in Fighting
  9406 | D:9      | Reached skill level 9 in Shields
  9413 | D:9      | Reached skill level 9 in Armour
  9679 | D:9      | Found a snail-covered altar of Cheibriados.
  9757 | D:9      | Found a staircase to the Lair.
  9797 | Lair:1   | Entered Level 1 of the Lair of Beasts
  9853 | Lair:1   | Reached *** piety under Okawaru
  9854 | Lair:1   | Reached skill level 12 in Axes
  9854 | Lair:1   | Reached XP level 11. HP: 27/97 MP: 4/10
 10578 | Lair:1   | Reached **** piety under Okawaru
 10650 | Lair:1   | Received a gift from Okawaru
 10691 | Lair:1   | Identified the +6 flail of the Bouncing Seers {heavy, Int+3
                  | Dex+3 Stlth-}
 11129 | Lair:2   | HP: 2/99 [poisoned by a redback]
 11137 | Lair:2   | HP: 2/99 [jumping spider (9)]
 11141 | Lair:2   | Slain by a culicivora

Illustrated notes

Levels and vault maps discovered:
D:1:      minmay_arrival_checkered_box, layout_loops_ring
D:2:      layout_loops_corners
D:3:      minmay_door_path, layout_loops_corners, uniq_grinder, uniq_sigmund
D:4:      minmay_octagon_keep, layout_basic, mainiacjoe_overflow_alcove_4,
          fedhas_altar_fruit_tree, mainiacjoe_overflow_boulevard,
          hangedman_glass_teeth
D:5:      layout_basic
D:6:      minmay_chambers_of_threes, layout_loops_cross, xom_confusion_cloud,
          lemuel_zombie_altar_yredelemnul, mainiacjoe_overflow_six_doors_small,
          amcnicky_altar_gilded, minmay_temple_entry_grid,
          nicolae_nh_ransacked_shop, uniq_menkaure
D:7:      layout_gridville, marbit_many_paths, nicolae_ossuary_entry_plus,
          minmay_fractal_squares_5
D:8:      layout_cave_pods, mainiacjoe_overflow_alcove_1,
          hangedman_decor_riveting
D:9:      layout_cave_pools, minmay_overflow_temple_star_quad,
          kennysheep_slug_shrine, kennysheep_mini, evilmike_ruin_ashenzari,
          grunt_lair_entry_orc_guard_hut, hangedman_misty_isle, uniq_joseph
Temple:   nicolae_temple_two_arcs
Lair:1:   layout_misc_corridors, serial_bayou_shore_a, grunt_megastairs_3
Lair:2:   layout_chaotic_city, nicolae_spider_entry_tight_spaces,
          beast_lair_carwin_3

Skill      XL: |  1  2  3  4  5  6  7  8  9 10 11 |
---------------+----------------------------------+-----
Axes           | 3 4 5 6 8 10 12 | 12.9
Armour         | 4 5 6 7 9 |  9.7
Dodging        | 1 2 3 5 6 7 8 |  8.1
Fighting       | 4 5 6 7 9 |  9.8
Shields        | 4 5 6 8 9 |  9.8

Action                     |  1- 3 |  4- 6 |  7- 9 | 10-12 || total
---------------------------+-------+-------+-------+-------++-------
  Melee: War axe           |    57 |    43 |   281 |   199 ||   580
         Headbutt          |     8 |     9 |    55 |    50 ||   122
  Throw: Dart              |       |       |       |     1 ||     1
         Javelin           |       |       |       |     1 ||     1
 Invoke: Heroism           |       |       |       |     3 ||     3
  Evoke: Wand              |       |       |       |     3 ||     3
    Use: Potion            |       |       |       |     4 ||     4
   Stab: Distracted        |       |       |     1 |       ||     1
 Armour: Scale mail        |    21 |    16 |    79 |       ||   116
         Chain mail        |       |       |    55 |   109 ||   164
  Dodge: Dodged            |    21 |    19 |   154 |    95 ||   289
  Block: Buckler           |    12 |    13 |    53 |       ||    78
         Kite shield       |       |       |    42 |   167 ||   209
